 Dungeon Crawl Stone Soup version 0.20.0-15-g7f486f2 (webtiles) character file.

3241 Vojta the Covert (level 9, -6/55 HPs)
             Began as an Octopode Conjurer on June 19, 2017.
             Mangled by a two-headed ogre
             ... wielding a +0 giant club
              (17 damage)
             ... on level 6 of the Dungeon.
             The game lasted 00:47:01 (10512 turns).

Vojta the Covert (Octopode Conjurer)               Turns: 10512, Time: 00:47:02

Health: -6/55      AC:  1    Str:  5    XL:     9   Next: 99%
Magic:  3/15       EV: 16    Int: 20    God:
Gold:   410        SH:  5    Dex: 13    Spells: 6/16 levels left

rFire    + . .     SeeInvis .   a - +5 short sword (freeze)
rCold    + . .     Gourm    .   (no shield)
rNeg     . . .     Faith    .   (helmet restricted)
rPois    .         Spirit   .   g - +5 amulet of reflection
rElec    .         Reflect  +   z - ring of protection from fire
rCorr    .         Harm     .   B - ring of protection from cold
MR       .....                  (no ring)
Stlth    ++++++....             (no ring)
Regen    0.2/turn               (no ring)
MPRegen  0.2/turn               (no ring)
                                (no ring)
                                (no ring)

@: no status effects
A: almost no armour, stealthy swim, amphibious, 8 rings, constrict 8, camouflage
1, weak 1, gelatinous body 1
a: no special abilities


You were on level 6 of the Dungeon.
You were hungry.

You visited 2 branches of the dungeon, and saw 12 of its levels.

You collected 410 gold pieces.

Inventory:

Hand Weapons
 a - a +5 short sword of freezing (weapon)
 f - a +0 hunting sling
 q - a +2 short sword of venom
 x - a +0 blowgun
 y - a +2 falchion of protection
Missiles
 i - 262 stones
 j - 20 poisoned needles
 k - 43 bolts
 l - 3 steel javelins
 n - a throwing net (quivered)
 w - 34 sling bullets
Armour
 v - a +0 buckler
Jewellery
 g - a +5 amulet of reflection (around mantle)
 p - an uncursed amulet of the gourmand {unknown}
 u - an uncursed amulet of the gourmand {unknown}
 z - a ring of protection from fire (left tentacle)
 B - a ring of protection from cold (right tentacle)
Wands
 D - a wand of scattershot (3/9)
 F - a wand of random effects (27/48)
Scrolls
 d - 4 scrolls of enchant weapon
 e - a scroll of fog
 r - a scroll of enchant armour
 A - 2 scrolls of identify
 C - 6 scrolls of remove curse
 E - a scroll of recharging
 H - a scroll of immolation
 I - 2 scrolls of blinking
 J - 3 scrolls of teleportation
Potions
 c - a potion of heal wounds
 h - a potion of brilliance
 o - a potion of magic
 s - 3 potions of curing
Books
 m - a book of Conjurations

   Spells                             Type                      Level
   a - Magic Dart                     Conjuration                  1
   b - Searing Ray                    Conjuration                  2
   c - Dazzling Spray                 Conjuration/Hexes            3
   d - Fulminant Prism                Conjuration/Hexes            4
   e - Force Lance                    Conjuration/Translocation    4
   f - Iskenderun's Mystic Blast      Conjuration                  4
Comestibles
 b - 5 bread rations
 G - 2 fruits
 K - a meat ration


   Skills:
 + Level 2.6 Fighting
 + Level 4.0 Short Blades
 + Level 3.1 Throwing
 * Level 5.8 Dodging
 * Level 10.8 Stealth
 + Level 0.8 Shields
 + Level 4.4 Spellcasting
 * Level 7.2 Conjurations
 + Level 2.1 Hexes


You had 6 spell levels left.
You knew the following spells:

 Your Spells              Type           Power        Failure   Level  Hunger
a - Magic Dart            Conj           ####         1%          1    None
b - Searing Ray           Conj           ####..       1%          2    #......
c - Dazzling Spray        Conj/Hex       ###...       5%          3    ###....
d - Fulminant Prism       Conj/Hex       ###.......   19%         4    ####...


Dungeon Overview and Level Annotations

Branches:
Dungeon (11/15)            Temple (1/1) D:7
   Lair: D:8-11         Orc: D:9-12

Altars:
Ashenzari
Cheibriados
Dithmenos
Elyvilon
Fedhas
Gozag
Makhleb
Nemelex Xobeh
Qazlal
Ru
Sif Muna
Trog
Uskayaw
Xom
Yredelemnul
Zin
The Shining One

Shops:
D:9 *

Annotations:
D:4 hadoken's ghost, amateur CeFi
D:5 Exporg's ghost, novice CeHu
D:6 Sigmund
D:8 exclusion: 2 oklob plants


Innate Abilities, Weirdness & Mutations

You cannot wear most types of armour.
You are very stealthy in the water. (Stealth+)
You are amphibious.
You can wear up to eight rings at the same time.
You can use your tentacles to constrict eight enemies at once.
Your skin changes colour to match your surroundings (Stealth+).
Your rubbery body absorbs attacks. (AC +1, EV +1)
You are weak. (Str -2)


Message History

Press: ? - help, Shift-Dir - straight line, f/p - two-headed ogre
Aim: a two-headed ogre, wielding a giant club and a giant spiked club (heavily wounded)
The spray of energy hits the two-headed ogre.
The two-headed ogre is heavily wounded.
The two-headed ogre is dazzled.
You block the two-headed ogre's attack.
The two-headed ogre hits you with a giant spiked club!!
Wield which item (- for none, * to show all)? (? for menu, Esc to quit)
Your +5 short sword of freezing glows with a cold blue light!
a - a +5 short sword of freezing (weapon)
You hit the two-headed ogre. You freeze the two-headed ogre.
Your squeeze misses the two-headed ogre.
The two-headed ogre is heavily wounded.
The two-headed ogre hits you with a giant club!
* * * LOW HITPOINT WARNING * * *
You block the two-headed ogre's attack.
You hit the two-headed ogre. You freeze the two-headed ogre.
Your squeeze misses the two-headed ogre.
The two-headed ogre is severely wounded.
The two-headed ogre hits you with a giant club!
You die...

..#....#....# #....# #.....#
..#....#....# #....#####+#.....#
'#####'#....####................#
.................................
.................................
...........................#####.
...........................# #.
...............O..>........# #.
................@.>....o...#####.
#....###########....####.........
#....# #....#..#..o...... #....#
#....#..#......... #....#
#....#..#......... '....#
#....#..#.......(. #....#
#....#..#......... .....#
#....#..#......... .....#
#....#..#########o


You could see a two-headed ogre (blind) and an orc.

Vanquished Creatures
  Pikel (D:6)
  Eustachio (D:5)
  A steam dragon (D:10)
  Duvessa (D:5)
  3 phantoms
  2 ice beasts
  An orc warrior (D:6)
  A centaur (D:5)
  Blork the orc (D:5)
  3 bullfrogs
  3 jellies
  Dowan (D:5)
  3 scorpions
  3 killer bees
  3 crimson imps
  4 orc priests
  2 hounds
  Jessica (D:3)
  An iguana (D:6)
  Natasha (twice) (D:2)
  7 orc wizards
  7 worker ants
  12 adders
  6 gnolls
  An ooze (D:5)
  An adder skeleton (D:7)
  4 worms
  3 dart slugs (D:1)
  4 leopard geckos
  34 orcs
  3 giant cockroaches
  9 goblins
  12 hobgoblins
  14 jackals
  11 kobolds
  4 quokkas
  2 ball pythons (D:3)
  A ball python skeleton (D:4)
  6 bats
  8 frilled lizards
  A giant cockroach zombie (D:6)
  A leopard gecko skeleton (D:5)
  8 rats
197 creatures vanquished.

Vanquished Creatures (others)
  2 slaves (D:6)
  A scorpion (D:6)
  An orc (D:6)
  A kobold (D:2)
  A fulminant prism (D:6)
6 creatures vanquished.

Grand Total: 203 creatures vanquished

Notes
Turn   | Place    | Note
-------+----------+-------------------------------------------
     0 | D:1      | Vojta the Octopode Conjurer began the quest for the Orb.
     0 | D:1      | Reached XP level 1. HP: 11/11 MP: 3/3
   256 | D:1      | Reached XP level 2. HP: 17/17 MP: 3/5
   454 | D:1      | Reached skill level 3 in Stealth
   679 | D:1      | Reached XP level 3. HP: 20/21 MP: 3/6
   708 | D:1      | Learned a level 2 spell: Searing Ray
   712 | D:1      | Learned a level 3 spell: Dazzling Spray
  1596 | D:2      | Reached XP level 4. HP: 27/27 MP: 7/7
  1704 | D:2      | Found a white marble altar of Elyvilon.
  1739 | D:2      | Reached skill level 1 in Short Blades
  1784 | D:2      | Noticed Natasha
  1792 | D:2      | Killed Natasha
  1792 | D:2      | Reached skill level 4 in Stealth
  2020 | D:2      | Reached skill level 1 in Hexes
  2106 | D:2      | Reached XP level 5. HP: 31/31 MP: 5/8
  2209 | D:2      | Found an opulent altar of Gozag.
  2476 | D:2      | Noticed Natasha
  2491 | D:2      | Killed Natasha
  2491 | D:2      | Reached skill level 5 in Stealth
  2798 | D:3      | Noticed Jessica
  2801 | D:3      | Killed Jessica
  2826 | D:3      | Found a shattered altar of Ashenzari.
  3051 | D:3      | Reached XP level 6. HP: 36/36 MP: 7/9
  3375 | D:3      | Reached skill level 5 in Conjurations
  3922 | D:3      | Found a deep blue altar of Sif Muna.
  4204 | D:4      | Noticed hadoken's ghost (amateur CeFi)
  4322 | D:4      | Reached skill level 6 in Stealth
  5246 | D:4      | Noticed an ice beast
  5255 | D:4      | Gained mutation: Your spells are a little easier to cast, but a little less powerful. [potion of mutation]
  5255 | D:4      | Gained mutation: You are weak. (Str -2) [potion of mutation]
  5255 | D:4      | Gained mutation: Potions are less effective at restoring your health. [potion of mutation]
  5255 | D:4      | Gained mutation: Your flesh is cold resistant. (rC+) [potion of mutation]
  5257 | D:4      | Found a stormy altar of Qazlal.
  5460 | D:5      | Entered Level 5 of the Dungeon
  5698 | D:5      | Reached XP level 7. HP: 42/42 MP: 5/10
  5764 | D:5      | Noticed Duvessa
  5835 | D:5      | Noticed Dowan
  5888 | D:5      | Reached skill level 1 in Throwing
  5888 | D:5      | Reached skill level 7 in Stealth
  6245 | D:6      | Reached skill level 1 in Fighting
  6335 | D:6      | Noticed Sigmund
  6369 | D:6      | Learned a level 4 spell: Fulminant Prism
  6382 | D:6      | You fall through a shaft for 3 floors!
  6595 | D:9      | Noticed a two-headed ogre
  6609 | D:10     | Entered Level 10 of the Dungeon
  6688 | D:10     | Noticed a steam dragon
  6693 | D:10     | Killed a steam dragon
  6693 | D:10     | Reached XP level 8. HP: 31/48 MP: 7/12
  6695 | D:10     | Noticed a hornet
  6804 | D:10     | Noticed a yak
  6805 | D:10     | Noticed a yak
  6807 | D:10     | Noticed a yak
  6951 | D:11     | Found a shadowy altar of Dithmenos.
  6970 | D:10     | Noticed a yak
  6970 | D:10     | Noticed a yak
  6971 | D:10     | Noticed a yak
  6971 | D:10     | Noticed a yak
  6984 | D:10     | Noticed a yak
  6998 | D:10     | Noticed a yak
  7021 | D:9      | Found Plog's Assorted Antiques.
  7266 | D:8      | Reached skill level 8 in Stealth
  7422 | D:8      | Found a blossoming altar of Fedhas.
  7424 | D:8      | Noticed an oklob plant
  7424 | D:8      | Noticed an oklob plant
  7998 | D:6      | Reached skill level 9 in Stealth
  8083 | D:5      | Lost mutation: Potions are less effective at restoring your health. [potion of mutation]
  8083 | D:5      | Lost mutation: Your flesh is cold resistant. (rC+) [potion of mutation]
  8083 | D:5      | Gained mutation: You are dopey. (Int -2) [potion of mutation]
  8083 | D:5      | Lost mutation: Your spells are a little easier to cast, but a little less powerful. [potion of mutation]
  8083 | D:5      | Lost mutation: You are dopey. (Int -2) [potion of mutation]
  8691 | D:5      | Found a blossoming altar of Fedhas.
  8691 | D:5      | Noticed Exporg's ghost (novice CeHu)
  8873 | D:5      | Reached XP level 9. HP: 54/54 MP: 8/14
  8880 | D:5      | Noticed Blork the orc
  9084 | D:5      | Killed Duvessa
  9221 | D:5      | Killed Dowan
  9266 | D:5      | Killed Blork the orc
  9266 | D:5      | Reached skill level 10 in Stealth
  9305 | D:5      | Reached skill level 5 in Dodging
  9426 | D:5      | Noticed Eustachio
  9429 | D:5      | Killed Eustachio
 10009 | D:7      | Found a staircase to the Ecumenical Temple.
 10015 | Temple   | Entered the Ecumenical Temple
 10325 | D:6      | Noticed Pikel
 10341 | D:6      | Killed Pikel
 10484 | D:6      | Noticed a two-headed ogre
 10512 | D:6      | Mangled by a two-headed ogre

Skill      XL: |  1  2  3  4  5  6  7  8  9 |
---------------+----------------------------+-----
Stealth        | 3 4 5 6 7 9 10 | 10.8
Short Blades   | 1 2 3 4 |  4.0
Hexes          | 1 2 |  2.1
Dodging        | 3 4 5 |  5.8
Conjurations   | 5 6 7 |  7.2
Throwing       | 1 3 |  3.1
Fighting       | 1 2 |  2.6
Spellcasting   | 3 4 |  4.4
Shields        | |  0.8

Action                   |  1- 3 |  4- 6 |  7- 9 || total
-------------------------+-------+-------+-------++-------
Melee: Dagger            |    43 |    26 |       ||    69
       Unarmed           |     3 |       |       ||     3
       Constrict         |    10 |    14 |    22 ||    46
       Tentacles         |     6 |     6 |    13 ||    25
       Short sword       |       |    35 |   118 ||   153
       Blowgun           |       |       |     1 ||     1
 Fire: Blowgun           |       |     8 |    34 ||    42
Throw: Stone             |     9 |     3 |       ||    12
       Throwing net      |       |     4 |     2 ||     6
 Cast: Magic Dart        |    27 |    50 |    36 ||   113
       Searing Ray       |     5 |    21 |    34 ||    60
       Dazzling Spray    |       |     3 |    20 ||    23
       Fulminant Prism   |       |       |     1 ||     1
  Use: Scroll            |     5 |     8 |     9 ||    22
       Potion            |       |     6 |     6 ||    12
 Stab: Sleeping          |    12 |    19 |    19 ||    50
       Invisible         |       |       |     3 ||     3
  Eat: Chunk             |     2 |    11 |     5 ||    18
       Fruit             |       |     2 |     1 ||     3
       Bread ration      |       |     1 |     1 ||     2
       Meat ration       |       |       |     1 ||     1
Armor: Skin              |     1 |     1 |     5 ||     7
Dodge: Dodged            |    26 |    38 |   101 ||   165
Block: Other             |     3 |    16 |    30 ||    49
       Reflection        |     1 |     2 |       ||     3
       Rpst.: Falchion   |       |     1 |       ||     1
